 Dungeon Crawl Stone Soup version 0.19.1 (webtiles) character file.

284 Banto the Ruffian (level 6, -1/51 HPs)
             Began as a Naga Transmuter on Dec 14, 2016.
             Was a Believer of Cheibriados.
             Slain by a centaur (2 damage)
             ... on level 4 of the Dungeon.
             The game lasted 00:04:58 (3258 turns).

Banto the Ruffian (Naga Transmuter)                 Turns: 3258, Time: 00:04:59

Health: -1/51      AC:  5    Str: 18    XL:     6   Next: 29%
Magic:  9/9        EV: 10    Int: 19    God:    Cheibriados [**....]
Gold:   119        SH:  0    Dex: 17    Spells: 3 memorised, 2 levels left

rFire  . . .     SeeInvis +       - Unarmed
rCold  . . .     Gourm    .     b - +0 robe
rNeg   . . .     Faith    .     (no shield)
rPois  +         Spirit   .     (no helmet)
rElec  .         Reflect  .     g - +0 cloak
rCorr  .         Harm     .     (no gloves)
MR     .....                    (no barding)
Stlth  ++........               (no amulet)
                                (no ring)
                                t - +1 ring of protection

@: flying, very slow
A: see invisible, deformed body, poison resistance, slowness 2, slow metabolism
1, spit poison 1, AC +2
a: Spit Poison, Bend Time, Renounce Religion


You were on level 4 of the Dungeon.
You worshipped Cheibriados.
Cheibriados was pleased with you.
You were not hungry.

You visited 1 branch of the dungeon, and saw 4 of its levels.

You collected 119 gold pieces.

Inventory:

Missiles
 a - 70 arrows
 h - a throwing net (quivered)
Armour
 b - a +0 robe (worn)
 g - a +0 cloak (worn)
Jewellery
 t - a +1 ring of protection (left hand)
Scrolls
 j - 2 scrolls of remove curse
Potions
 i - a potion of cancellation
 k - a potion of lignification
 l - a potion of heal wounds {unknown}
 o - a potion of curing {unknown}
Books
 c - a book of Changes

   Spells                             Type                      Level
   a - Beastly Appendage              Transmutation                1
   b - Sticks to Snakes               Transmutation                2
   c - Spider Form                    Transmutation/Poison         3
   d - Ice Form                       Ice/Transmutation            4
   e - Blade Hands                    Transmutation                5
Comestibles
 d - 3 bread rations
 f - a royal jelly
 m - 2 meat rations
 n - a fruit
 p - a slice of pizza


   Skills:
 - Level 1.0 Fighting
 - Level 1.5 Dodging
 + Level 4.9 Unarmed Combat
 - Level 2.0 Spellcasting
 + Level 4.3 Transmutations
 + Level 2.2 Ice Magic


You had 2 spell levels left.
You knew the following spells:

 Your Spells              Type           Power        Failure   Level  Hunger
a - Beastly Appendage     Tmut           ###...       3%          1    #......
b - Sticks to Snakes      Tmut           ###.....     6%          2    ###....
c - Ice Form              Ice/Tmut       ##......     50%         4    #####..


Dungeon Overview and Level Annotations

Branches:
Dungeon (4/15)
 Temple: D:4-7

Altars:
Cheibriados
The Shining One


Innate Abilities, Weirdness & Mutations

You cannot wear boots.
Your serpentine skin is tough. (AC +2)
You have supernaturally acute eyesight. (SInv)
Armour fits poorly on your strangely shaped body.
Your system is resistant to poisons. (rPois)
You cover ground very slowly.
You have a slow metabolism.
You can spit poison.


Message History

The arrow hits you.
* * * LOW HITPOINT WARNING * * *
You see here an arrow.
The centaur shoots an arrow.
The arrow closely misses you.
You take 9 damage, and have 12/51 hp.
You aren't carrying any items that you can evoke.
Okay, then.
The centaur shoots an arrow.
The arrow hits you!
* * * LOW HITPOINT WARNING * * *
You hear an angry hiss.
You take 12 damage, and have 1/51 hp.
MASSIVE DAMAGE!!
The centaur unwields an uncursed shortbow.
The centaur barely misses you. x2
The centaur hits you but does no damage.
A leopard gecko comes into view.
Okay, then.
It was a potion of flight.
You feel very buoyant.
You fly up into the air.
The centaur hits you.
You die...

...###.# *,*#c#### *,**,* *
.#####.## *,*#....# *,**,****
.####...####.#*....#
*,**,,,,,
......#......#**...*
*,******* #####...######
*#.#* *,*### * # ##..### #l#
*,,..# # #.....# #(# ***#.# #
#.#.#.#######c##########.## #
#......(...(@.............##
#
#.#.#.######(###.#####.....##
# #.....# #.## ##.# #.......
# #.#.### #.# #.# #.[...##
#####.#.# #.## ##.# ##...##
......#.# ##.###.## ##.##
#######.# ##...## #.##
#######.# ##.## #..#
........# #.# ##.#


You could see a centaur and a leopard gecko.

Vanquished Creatures
  A centaur (D:4)
  Ijyb (D:3)
  A worker ant (D:4)
  6 adders
  2 oozes (D:2)
  An adder skeleton (D:4)
  2 worms
  2 dart slugs
  4 leopard geckos
  An orc (D:3)
  2 ball pythons
  4 bats
  2 giant cockroaches
  7 goblins
  6 hobgoblins
  5 jackals
  A quokka (D:3)
  4 frilled lizards
  13 kobolds
  10 rats
75 creatures vanquished.

Notes
Turn   | Place    | Note
-------+----------+-------------------------------------------
     0 | D:1      | Banto the Naga Transmuter began the quest for the Orb.
     0 | D:1      | Reached XP level 1. HP: 18/18 MP: 3/3
   397 | D:1      | Reached XP level 2. HP: 19/25 MP: 3/5
  1300 | D:2      | Reached XP level 3. HP: 28/31 MP: 4/6
  1315 | D:2      | Learned a level 2 spell: Sticks to Snakes
  1556 | D:2      | Found a snail-covered altar of Cheibriados.
  1720 | D:2      | Became a worshipper of Cheibriados the Contemplative
  1798 | D:2      | Reached XP level 4. HP: 38/38 MP: 5/7
  2099 | D:3      | Reached * piety under Cheibriados
  2182 | D:3      | Learned a level 4 spell: Ice Form
  2213 | D:3      | Noticed Ijyb
  2233 | D:3      | Killed Ijyb
  2274 | D:3      | Reached skill level 1 in Ice Magic
  2274 | D:3      | Reached XP level 5. HP: 11/44 MP: 8/8
  2624 | D:3      | Reached ** piety under Cheibriados
  2665 | D:3      | Found a glowing golden altar of the Shining One.
  2934 | D:4      | Noticed a centaur
  2945 | D:4      | Killed a centaur
  2945 | D:4      | Reached XP level 6. HP: 12/51 MP: 7/9
  3256 | D:4      | HP: 1/51 [centaur/arrow (12)]
  3258 | D:4      | Slain by a centaur

Skill      XL: |  1  2  3  4  5 |
---------------+----------------+-----
Transmutations | 3 4 |  4.3
Unarmed Combat | 4 |  4.9
Ice Magic      | 1 2 |  2.2
Fighting       | |  1.0
Dodging        | |  1.5
Spellcasting   | |  2.0

Action                   |  1- 3 |  4- 6 || total
-------------------------+-------+-------++-------
Melee: Unarmed           |    86 |    93 ||   179
       Headbutt          |     7 |     6 ||    13
 Cast: Beastly Appendage |    10 |     9 ||    19
 Abil: Spit Poison       |    20 |    33 ||    53
  Use: Scroll            |     1 |    10 ||    11
       Potion            |       |     1 ||     1
 Stab: Sleeping          |       |     1 ||     1
  Eat: Chunk             |     3 |     5 ||     8
Armor: Robe              |    27 |    15 ||    42
Dodge: Dodged            |    43 |    57 ||   100

Table legend:
 A = Turns spent in this place as a percentage of turns spent in the entire game.
 B = Non-inter-level travel turns spent in this place as a percentage of non-inter-level travel turns spent in the entire game.
 C = Inter-level travel turns spent in this place as a percentage of turns spent in this place.
 D = Turns resting spent in this place as a percentage of non-inter-level travel turns spent in this place.
 E = Turns spent auto-exploring this place as a percentage of non-inter-level travel turns spent in this place.
 F = Non-inter-level travel turns spent in this place divided by the number of levels of this place that you've seen.
                   A       B       C       D       E      F
               +-------+-------+-------+-------+-------+----------------------
         Total | 100.0 | 100.0 |   0.6 |   4.3 |  13.9 | 201.2
       Dungeon | 100.0 | 100.0 |   0.6 |   4.3 |  13.9 | 201.2
               +-------+-------+-------+-------+-------+----------------------

Table legend:
 A = Kills in this place as a percentage of kills in entire the game.
 B = Kills by you in this place as a percentage of kills by you in the entire game.
 C = Kills by friends in this place as a percentage of kills by friends in the entire game.
 D = Other kills in this place as a percentage of other kills in the entire game.
 E = Experience gained in this place as a percentage of experience gained in the entire game.
 F = Experience gained in this place divided by the number of levels of this place that you have seen.
                   A       B       C       D       E      F
               +-------+-------+-------+-------+-------+----------------------
         Total | 100.0 | 100.0 |  -nan |  -nan | 100.0 | 101.5
       Dungeon | 100.0 | 100.0 |  -nan |  -nan | 100.0 | 101.5
               +-------+-------+-------+-------+-------+----------------------
